 Dungeon Crawl Stone Soup version 0.30-a0-989-g0d87f670db (webtiles) character file.

Game seed: 11707797151382529262

183 mopl the Sneak (level 5, 0/24 HPs)
             Began as a Vine Stalker Enchanter on Apr 3, 2023.
             Succumbed to a kobold brigand's poison
             ... on level 3 of the Dungeon.
             The game lasted 00:04:01 (2402 turns).

mopl the Sneak (Vine Stalker Enchanter)             Turns: 2402, Time: 00:04:02

Health: 0/24       AC: -1    Str: 11    XL:     5   Next: 62%
Magic:  0/11       EV: 12    Int: 17    God:
Gold:   150        SH:  0    Dex: 14    Spells: 2/10 levels left

rFire   . . .      SeeInvis .    a - +1 dagger
rCold   . . .      Faith    .    (no shield)
rNeg    . . .      Spirit   +    b - +0 robe
rPois   .          Reflect  .    (no helmet)
rElec   .          Rampage  .    (no cloak)
rCorr   .                        l - +0 pair of gloves
Will    .....                    (no boots)
Stlth   +++                      (no amulet)
HPRegen 1.04/turn                (no ring)
MPRegen 0.12/turn                (no ring)

@: lethally poisoned (0 -> 0), corroded, very slightly contaminated
A: fangs 2, regeneration 1, magic shield, antimagic bite, no potion heal 2
a: no special abilities


You were on level 3 of the Dungeon.
You visited 1 branch of the dungeon, and saw 4 of its levels.

You collected 150 gold pieces.

Inventory:

Hand Weapons
 a - a +1 dagger (weapon)
Armour
 b - a +0 robe (worn)
 l - a +0 pair of gloves (worn)
Scrolls
 f - a scroll of poison {unknown}
 g - 4 scrolls of identify {unknown}
 h - a scroll of blinking {unknown}
 j - a scroll of teleportation {unknown}
 n - a scroll of immolation {unknown}
 o - a scroll of noise {unknown}
Potions
 c - 2 potions of invisibility
 d - 2 potions of lignification {unknown}
 e - a potion of cancellation {unknown}
 i - a potion of ambrosia {unknown}
 k - a potion of attraction {unknown}
 m - a potion of heal wounds {unknown}
 p - a potion of degeneration {unknown}


   Skills:
 + Level 2.4 Short Blades
 - Level 1.5 Dodging
 + Level 5.0 Stealth
 + Level 3.3 Spellcasting
 + Level 3.9 Hexes


You had 2 spell levels left.
You knew the following spells:

 Your Spells              Type           Power      Damage    Failure   Level
b - Ensorcelled Hibernat  Hex/Ice        18%        N/A       11%         2
c - Confusing Touch       Hex            16%        N/A       10%         3
d - Tukima's Dance        Hex            16%        N/A       10%         3

Your spell library contained the following spells:

 Spells                   Type           Power      Damage    Failure   Level
 Dazzling Flash           Conj/Hex       18%        N/A       22%         3


Dungeon Overview and Level Annotations

Branches:
Dungeon (4/15)
 Temple: D:4-7

Altars:

Annotations:
D:2 rF


Innate Abilities, Weirdness & Mutations

You have extremely sharp teeth.
Your natural rate of healing is unusually fast.
When hurt, damage is shared between your health and your magic reserves.
Your bite disrupts and absorbs the magic of your enemies.
Potions cannot restore your health.


Message History

The kobold brigand barely misses you.
You hit the kobold brigand but do no damage.
You closely miss the kobold brigand.
You punch the kobold brigand, but do no damage.
The quokka twitches its whiskers.
The kobold brigand hits you with a +0 dagger.
The kobold brigand resists with some effort.
The kobold brigand hits you with a +0 dagger.
The kobold brigand looks drowsy...
The helpless kobold brigand fails to defend itself.
You impale the kobold brigand!! Your bite misses the kobold brigand.
The kobold brigand is almost dead.
The kobold brigand barely misses you.
Casting: Ensorcelled Hibernation (safe; 11% risk of failure)
Confirm with . or Enter, or press ? or * to list all spells.
Aiming: Ensorcelled Hibernation (safe; 11% risk of failure)
Press: ? - help, Shift-Dir - straight line, f - jelly, p - kobold brigand
Aim: a jelly (chance to affect: 51%)
You miscast Ensorcelled Hibernation.
You are very lightly contaminated with residual magic.
Nothing appears to happen.
The jelly closely misses you.
The kobold brigand hits you with a +0 dagger!
The kobold brigand attacks as you move away!
The kobold brigand hits you with a +0 dagger.
The jelly barely misses you.
The kobold brigand throws a poisoned dart.
The poisoned dart hits you!
You are poisoned.
You feel very sick.
You feel sick.
You aren't carrying any items that you can evoke.
Okay, then.
You feel sick.
There is a stone staircase leading up here.
You feel sick. The jelly hits you.
* * * LOW HITPOINT WARNING * * *
The acid corrodes you!
You are splashed with acid!
* * * LOW HITPOINT WARNING * * *
You climb upwards.
You die...

########
##################......#
#.......................#
#.#####..J########......#
#.# #.@..# ###....# #.#
#....####### #..... #.#
#..........###..... #.#
#...######...#..... #.#
#...# ###.#..... #.#
#...# ##......# #.# ##'##
#........ #.# #.##
#####........ #.# #..#
#............


You could see a jelly.

Vanquished Creatures
  An orc wizard (D:3)
  An adder (D:2)
  2 dart slugs
  3 orcs (D:3)
  11 endoplasms
  2 giant cockroaches
  3 goblins (D:1)
  8 hobgoblins
  3 quokkas
  2 ball pythons
  3 bats
  4 frilled lizards
  2 kobolds (D:2)
  6 rats
51 creatures vanquished.

Vanquished Creatures (collateral kills)
  An ogre (D:3)
1 creature vanquished.

Vanquished Creatures (others)
  An adder (D:2)
  A plant (D:1)
2 creatures vanquished.

Grand Total: 54 creatures vanquished

Notes
Turn   | Place    | Note
-------+----------+-------------------------------------------
     0 | D:1      | mopl the Vine Stalker Enchanter began the quest for the
                  | Orb.
     0 | D:1      | Reached XP level 1. HP: 9/9 MP: 4/4
    91 | D:1      | Reached skill level 1 in Short Blades
   222 | D:1      | Reached XP level 2. HP: 12/13 MP: 6/6
   225 | D:1      | Learned a level 2 spell: Ensorcelled Hibernation
   427 | D:1      | Reached skill level 4 in Stealth
   602 | D:1      | Reached XP level 3. HP: 16/16 MP: 7/7
  1324 | D:2      | Found a faded altar of an unknown god.
  1614 | D:3      | Gained mutation: Your natural rate of healing is unusually
                  | fast. [Vine Stalker growth]
  1614 | D:3      | Reached XP level 4. HP: 21/21 MP: 9/9
  1624 | D:3      | Learned a level 3 spell: Confusing Touch
  1628 | D:3      | Learned a level 3 spell: Tukima's Dance
  1633 | D:3      | Noticed an ogre
  1830 | D:3      | Killed an ogre
  1831 | D:3      | Reached skill level 2 in Short Blades
  1831 | D:3      | Reached skill level 3 in Spellcasting
  1831 | D:3      | Reached XP level 5. HP: 4/24 MP: 1/10
  2019 | D:3      | Reached skill level 5 in Stealth
  2386 | D:4      | Noticed a kobold brigand
  2401 | D:4      | HP: 1/24 [acid (6)]
  2402 | D:3      | Succumbed to a kobold brigand's poison

Illustrated notes

Levels and vault maps discovered:
D:1:      dpeg_arrival_round_a, layout_loops_ring, serial_bayou,
          serial_bayou_shore_b, serial_bayou_shore_a, serial_bayou_pond_e,
          serial_bayou_pond_d
D:2:      layout_loops_cross, hellmonk_ecumenical_altar_zigzags,
          minmay_misc_feat_square, lemuel_flame_loot_1
D:3:      kennysheep_big_flooded_room, layout_basic, nicolae_figureground_pulse
D:4:      layout_loops_ring, overflow_temple_1_default, st_stairs_13,
          minmay_manual_mess

Skill      XL: |  1  2  3  4  5 |
---------------+----------------+-----
Short Blades   | 1 2 |  2.4
Stealth        | 4 5 |  5.0
Spellcasting   | 3 |  3.3
Dodging        | |  1.5
Hexes          | |  3.9

Action                     |  1- 3 |  4- 6 || total
---------------------------+-------+-------++-------
  Melee: Dagger            |    98 |    63 ||   161
         Bite              |    25 |    19 ||    44
         Punch             |       |     1 ||     1
   Cast: Ensorcelled Hiber |     3 |     3 ||     6
         Tukima's Dance    |       |     5 ||     5
   Stab: Sleeping          |    12 |     2 ||    14
 Armour: Robe              |    13 |     9 ||    22
  Dodge: Dodged            |    49 |    50 ||    99

Table legend: (Time is in decaauts)
 A = Elapsed time spent in this place.
 B = Non-inter-level travel time spent in this place.
 C = Inter-level travel time spent in this place.
 D = Time resting spent in this place.
 E = Time spent auto-exploring this place.
 F = Levels seen in this place.
 G = Mean time per level.
                   A        B        C        D        E       F      G
               +--------+--------+--------+--------+--------+-----+--------+
         Total |   2414 |   2310 |    104 |     36 |   1780 |   4 |  603.5 |
       Dungeon |   2414 |   2310 |    104 |     36 |   1780 |   4 |  603.5 |
               +--------+--------+--------+--------+--------+-----+--------+

Top non-repeatable levels by time:
     D:1: 940 daAuts
     D:3: 761 daAuts
     D:2: 696 daAuts
     D:4: 15 daAuts
